 Dungeon Crawl Stone Soup version 0.31.0-12-g77e489cdc1 (webtiles) character file.

Game seed: 12010074905450579156

6925 dirge the Thaumaturge (level 10, -2/50 HPs)
             Began as a Deep Elf Conjurer on Feb 27, 2024.
             Was a Priest of Vehumet.
             Slain by an orc warrior
             ... wielding a +0 trident
              (14 damage)
             ... on level 1 of the Orcish Mines.
             The game lasted 00:48:14 (10429 turns).

dirge the Thaumaturge (Deep Elf Conjurer)          Turns: 10429, Time: 00:48:16

Health: -2/50      AC:  8    Str:  4    XL:     10   Next: 80%
Magic:  24/34      EV: 18    Int: 28    God:    Vehumet [***...]
Gold:   65         SH:  0    Dex: 25    Spells: 3/28 levels left

rFire   . . .        a - +6 dagger (freeze)
rCold   . . .        (no shield)
rNeg    . . .        g - +1 robe
rPois   +            (no helmet)
rElec   .            i - +1 cloak of Pathos {rPois MP+9}
rCorr   .            m - +0 pair of gloves
SInv    .            n - +1 pair of boots
Will    +....        D - amulet of magic regeneration
Stlth   ++++         d - +6 ring of dexterity
HPRegen 0.28/turn    y - +6 ring of dexterity
MPRegen 0.64/turn

%: no passive effects
@: no status effects
A: no striking features
a: Renounce Religion


You were on level 1 of the Orcish Mines.
You worshipped Vehumet.
Vehumet was most pleased with you.
You visited 3 branches of the dungeon, and saw 12 of its levels.

You collected 637 gold pieces.
You spent 572 gold pieces at shops.

Inventory:

Hand Weapons
 a - a +6 dagger of freezing (weapon)
 h - a +3 quarterstaff of chaos
 C - a +3 dagger of draining
Missiles
 k - 4 darts of dispersal
 t - 2 throwing nets
 x - 3 datura-tipped darts
Armour
 g - a +1 robe (worn)
 i - the +1 cloak of Pathos (worn) {rPois MP+9}
   (You bought it in a shop on level 1 of the Orcish Mines)

   rPois:     It protects you from poison MP+9: It affects your magic capacity
   (+9).
 m - a +0 pair of gloves (worn)
 n - a +1 pair of boots (worn)
Magical Staves
 b - a staff of air
Jewellery
 d - a +6 ring of dexterity (left hand)
 y - a +6 ring of dexterity (right hand)
 D - an amulet of magic regeneration (around neck)
Wands
 o - a wand of roots (22)
 q - a wand of digging (8)
 r - a wand of flame (36)
 H - a wand of charming (3)
 J - a wand of light (9)
Scrolls
 c - 2 scrolls of fog
 e - a scroll of enchant weapon
 p - a scroll of revelation
 A - 2 scrolls of enchant armour
 B - a scroll of poison {unknown}
 E - a scroll of teleportation
 I - a scroll of fear
Potions
 f - 2 potions of berserk rage
 j - 3 potions of magic
 l - 2 potions of curing
 s - a potion of mutation
 v - a potion of resistance {unknown}
 z - a potion of lignification
 F - a potion of heal wounds
 G - a potion of might
Miscellaneous
 u - a lightning rod (4/4)


   Skills:
 + Level 5.4 Short Blades
 + Level 6.9 Dodging
 + Level 7.4 Stealth
 * Level 9.8 Spellcasting
 * Level 9.2 Conjurations
 - Level 4.8 Hexes
 - Level 3.0 Summonings
 * Level 5.6 Necromancy
 + Level 3.7 Fire Magic
 + Level 0.6 Air Magic
 + Level 4.7 Evocations


You had 3 spell levels left.
You knew the following spells:

 Your Spells              Type           Power      Damage    Failure   Level
a - Shock                 Conj/Air       100%       1d9       1%          1
b - Searing Ray           Conj           100%       2d8       1%          2
c - Iskenderun's Mystic   Conj/Tloc      39%        2d9       1%          4
d - Slow                  Hex            100%       N/A       1%          1
e - Summon Small Mammal   Summ           100%       N/A       1%          1
f - Confusing Touch       Hex            40%        N/A       1%          3
g - Flame Wave            Conj/Fire      49%        2d12      1%          4
h - Scorch                Fire           68%        2d7       1%          2
i - Vampiric Draining     Necr           45%        2d9       1%          3
j - Dispel Undead         Necr           45%        3d17      4%          4

Your spell library contained the following spells:

 Spells                   Type           Power      Damage    Failure   Level
 Mercury Vapours          Alch/Air       30%        N/A       1%          2
 Magic Dart               Conj           100%       1d8       1%          1
 Necrotise                Necr           100%       1d9       1%          1
 Sting                    Conj/Alch      100%       1d9       1%          1
 Jinxbite                 Hex            80%        N/A       1%          2
 Sigil of Binding         Hex            40%        N/A       1%          3
 Cigotuvi's Dreadful Rot  Necr/Alch/Air  50%        N/A       2%          2
 Call Canine Familiar     Summ           30%        N/A       3%          3
 Apportation              Tloc           26%        N/A       4%          1
 Fulminant Prism          Conj/Alch      19%        3d10      1%          4
 Ignite Poison            Fire/Alch      24%        N/A       5%          4
 Sticky Flame             Fire/Alch      24%        2d6       5%          4
 Martyr's Knell           Necr/Summ      38%        N/A       7%          4
 Summon Blazeheart Golem  Fire/Summ      32%        N/A       11%         4
 Death Channel            Necr           22%        N/A       52%         6
 Alistair's Intoxication  Alch           8%         N/A       75%         5
 Summon Cactus Giant      Summ           15%        N/A       88%         6
 Ignition                 Fire           17%        3d7       100%        8


Dungeon Overview and Level Annotations

Branches:
Dungeon (9/15)             Temple (1/1) D:4             Orc (2/2) D:9
   Lair: D:8-11         Elf: Orc:2

Altars:
Ashenzari
Dithmenos
Elyvilon
Fedhas
Gozag
Hepliaklqana
Kikubaaqudgha
Makhleb
Nemelex Xobeh
Okawaru
Qazlal
Ru
Sif Muna
Uskayaw
Vehumet
Wu Jian
Xom
Yredelemnul
Zin
The Shining One

Shops:
Orc:1 [

Annotations:
D:3 2 transporters, spaghetti's ghost, amateur TeCK


Message History

Vehumet accepts your kill.
The flame wave engulfs the orc warrior!
The orc warrior is severely wounded.
The flame wave engulfs the orc!
You kill the orc!
Vehumet accepts your kill. (Press . to intensify the flame waves.)
The orc warrior hits you from afar with a +0 trident.
The orc priest invokes the aid of Beogh against you.
Pain shoots through your body!
An ogre comes into view. It is wielding a +0 giant spiked club.
The orc warrior barely misses you.
A wave of flame ripples out!
The flame wave engulfs the orc!
You kill the orc!
Vehumet accepts your kill.
You feel your power returning.
The flame wave engulfs the orc warrior!
The orc warrior is heavily wounded.
The flame wave engulfs the orc warrior!
You kill the orc warrior!
Vehumet accepts your kill.
The flame wave engulfs the orc warrior!
The orc warrior is severely wounded.
The flame wave engulfs the orc.
The orc is severely wounded.
The flame wave engulfs the orc priest!
The orc priest is heavily wounded.
You hear a shout!
The orc warrior hits you with a +0 scimitar!
* * * LOW HITPOINT WARNING * * *
The orc warrior hits you from afar with a +0 trident.
* * * LOW HITPOINT WARNING * * *
Casting: Flame Wave (dangerous; 1% risk of failure)
Confirm with . or Enter, or press ? or * to list all spells.
Aiming: Vampiric Draining (safe; 1% risk of failure)
Press: ? - help, Shift-Dir - straight line, f - orc warrior
Aim: an orc warrior, wielding a +0 scimitar and wearing a +0 chain mail (heavily wounded)
You draw life force from the orc warrior!
You feel life coursing into your body. The orc warrior completely misses you.
The orc warrior hits you from afar with a +0 trident!
You die...

*,,,,,,,*#..,*#...#.#
***,,,,,,,...,*#.∩[#.# #
*,,,**,,.....**#...#.############
,,,,,***...##* #.©.#.............
,,,,***....,** ##################
,,,,,*,,,...,**#.©.# #
**,,,,,***#>.,*#...# **,,,,*
#..$##)..## *,,,****#..)Oo@..$#
**,,**,*#.O.ooo..##
****,...o##)o))## * **o..**##...#
** **.,,,**...## ,*
****,*,,,,#....* **
*,*,,,*,,,..#.#*
****,,,,***,...### ,*,*,,,,*
*##..*


You could see 2 orc warriors, 2 ogres, an orc priest, an orc wizard and 2 orcs.

Vanquished Creatures
  2 raiju (D:9)
  A shadow (D:9)
  11 yaks (D:8)
  A steam dragon (D:9)
  3 water moccasins
  A sky beast (D:7)
  2 ice beasts (D:6)
  8 orc warriors
  A black bear (D:3)
  2 ogres
  2 centaurs
  2 phantoms
  2 kobold brigands
  2 bullfrogs (D:7)
  2 gnoll sergeants
  2 scorpions (D:6)
  9 wights
  10 killer bees (D:7)
  2 howler monkeys (D:6)
  3 electric eels
  3 bombardier beetles
  3 hounds
  2 jellies
  Crazy Yiuf (D:3)
  6 orc priests
  An iguana (D:7)
  Ijyb (D:4)
  2 sleepcaps
  12 orc wizards
  Robin (D:3)
  12 gnolls
  4 adders
  A shadow imp (D:8)
  4 ufetubi
  A ribbon worm (D:5)
  2 dart slugs (D:4)
  40 orcs
  4 bat skeletons (D:6)
  A bat zombie (D:6)
  6 endoplasms
  12 goblins
  8 hobgoblins
  7 jackals (D:4)
  3 quokkas
  4 ball pythons
  2 bats
  3 frilled lizards
  16 kobolds
  A rat (D:1)
231 creatures vanquished.

Vanquished Creatures (others)
  An orc (D:9)
1 creature vanquished.

Grand Total: 232 creatures vanquished

Notes
Turn   | Place    | Note
-------+----------+-------------------------------------------
     0 | D:1      | dirge the Deep Elf Conjurer began the quest for the Orb.
     0 | D:1      | Reached XP level 1. HP: 10/10 MP: 6/6
   477 | D:1      | Reached XP level 2. HP: 15/15 MP: 6/8
   480 | D:1      | Learned a level 2 spell: Searing Ray
   633 | D:1      | Found a faded altar of an unknown god.
  1291 | D:3      | Noticed Robin
  1343 | D:3      | Reached XP level 3. HP: 17/19 MP: 3/9
  1454 | D:3      | Noticed a black bear
  1468 | D:3      | Killed a black bear
  1469 | D:3      | Reached skill level 1 in Short Blades
  1469 | D:3      | Reached skill level 5 in Conjurations
  1469 | D:3      | Reached XP level 4. HP: 12/24 MP: 3/12
  1603 | D:3      | Noticed a phantom
  1612 | D:3      | Killed a phantom
  1613 | D:3      | Reached XP level 5. HP: 24/28 MP: 6/13
  1634 | D:3      | Killed Robin
  1875 | D:3      | Learned a level 4 spell: Iskenderun's Mystic Blast
  1889 | D:3      | Found a transporter.
  1892 | D:3      | Noticed spaghetti's ghost (amateur TeCK)
  1893 | D:3      | Found a transporter.
  1898 | D:3      | Reached XP level 6. HP: 32/32 MP: 10/14
  1991 | D:3      | Found a runed translucent door.
  1992 | D:3      | Noticed Crazy Yiuf
  1999 | D:3      | Killed Crazy Yiuf
  2290 | D:4      | Noticed Ijyb
  2309 | D:4      | Killed Ijyb
  2310 | D:4      | HP: 2/48 [gnoll/+0 spear[a gnoll sergeant] (6)]
  2315 | D:4      | HP: 2/48 [gnoll/+0 spear[a gnoll sergeant] (1)]
  2317 | D:4      | Reached skill level 5 in Spellcasting
  2483 | D:4      | Found a staircase to the Ecumenical Temple.
  2492 | Temple   | Entered the Ecumenical Temple
  2555 | D:4      | Found a stormy altar of Qazlal.
  2556 | D:4      | Noticed an air elemental
  2577 | D:4      | Noticed a water elemental
  2577 | D:4      | Noticed a fire elemental
  2820 | D:4      | Learned a level 1 spell: Slow
  3176 | D:4      | Reached XP level 7. HP: 30/36 MP: 4/17
  3317 | D:5      | Entered Level 5 of the Dungeon
  3332 | D:5      | Reached skill level 1 in Hexes
  3332 | D:5      | Reached skill level 1 in Evocations
  3740 | D:5      | Learned a level 1 spell: Summon Small Mammal
  3819 | D:5      | Reached skill level 5 in Stealth
  4083 | D:5      | Reached XP level 8. HP: 14/41 MP: 7/19
  4291 | D:5      | Reached skill level 1 in Summonings
  4531 | D:6      | Learned a level 3 spell: Confusing Touch
  4613 | D:6      | Reached skill level 5 in Dodging
  5004 | D:6      | Found a radiant altar of Vehumet.
  5005 | D:6      | Found an opulent altar of Gozag.
  5006 | D:6      | Found a broken altar of Ashenzari.
  5006 | D:6      | Found a shimmering blue altar of Sif Muna.
  5013 | D:6      | Became a worshipper of Vehumet
  5398 | D:6      | Learned a level 4 spell: Flame Wave
  5401 | D:6      | Learned a level 2 spell: Scorch
  5825 | D:6      | Found an ancient bone altar of Kikubaaqudgha.
  6136 | D:7      | Learned a level 3 spell: Vampiric Draining
  6200 | D:7      | Reached XP level 9. HP: 45/45 MP: 22/22
  6268 | D:7      | Reached skill level 1 in Necromancy
  6272 | D:7      | Reached * piety under Vehumet
  6272 | D:7      | Offered knowledge of Foxfire by Vehumet.
  6273 | D:7      | Reached skill level 1 in Fire Magic
  7271 | D:8      | Found a glowing golden altar of the Shining One.
  7755 | D:8      | Learned a level 4 spell: Dispel Undead
  7805 | D:8      | Found a glowing silver altar of Zin.
  7880 | D:8      | Reached XP level 10. HP: 41/50 MP: 6/24
  7975 | D:8      | Found a shadowy altar of Dithmenos.
  8271 | D:9      | Reached skill level 5 in Short Blades
  8272 | D:9      | Offered knowledge of Shock by Vehumet.
  8688 | D:9      | Reached ** piety under Vehumet
  8716 | D:9      | Reached skill level 5 in Necromancy
  9192 | D:9      | Found a staircase to the Orcish Mines.
  9384 | D:9      | Found a white marble altar of Elyvilon.
  9912 | D:9      | Learned a level 1 spell: Shock
  9981 | Orc:1    | Entered Level 1 of the Orcish Mines
 10190 | Orc:2    | Entered Level 2 of the Orcish Mines
 10200 | Orc:2    | Offered knowledge of Mercury Vapours by Vehumet.
 10203 | Orc:2    | Noticed an orc sorcerer
 10328 | Orc:1    | Found a transporter.
 10329 | Orc:1    | Found Kequkoj's Armour Boutique.
 10329 | Orc:1    | Found a transporter.
 10380 | Orc:1    | Bought the +1 cloak of Pathos {rPois MP+9} for 514 gold
                  | pieces
 10404 | Orc:1    | Bought a +0 pair of gloves for 58 gold pieces
 10424 | Orc:1    | Reached *** piety under Vehumet
 10429 | Orc:1    | Slain by an orc warrior

Illustrated notes

Levels and vault maps discovered:
D:1:      nzn_arrival_settlement, layout_basic,
          shapermc_ecumenical_altar_mp_urbaneastern
D:2:      layout_rooms
D:3:      wander_river, layout_loops_ring, gammafunk_ghost_mausoleum,
          mrwooster_statue_mirror, uniq_crazy_yiuf_cottage, uniq_robin
D:4:      layout_rooms, nicolae_qazlal_style_of_elements,
          minmay_temple_entry_antechambers, uniq_ijyb
D:5:      layout_rooms
D:6:      layout_basic, kennysheep_vampire_church, mainiacjoe_overflow_alcove_3,
          grunt_ministairs_1, amcnicky_mini_pool_medium
D:7:      layout_cave_pods
D:8:      layout_cave_pools, grunt_dithmenos_shadows, grunt_temple_overflow_open
D:9:      layout_basic, general_overflow_altar, erik_orc_2,
          nicolae_have_a_lightning_rod
Temple:   eino_wide_crystal_templ
Orc:1:    layout_diamond_mine, serial_shops, nicolae_shop_drivethru
Orc:2:    st_orc_rangers, layout_diamond_mine, nicolae_shop_clearance

Skill      XL: |  1  2  3  4  5  6  7  8  9 10 |
---------------+-------------------------------+-----
Stealth        | 3 4 5 6 7 |  7.4
Short Blades   | 1 2 3 4 5 |  5.4
Dodging        | 3 4 5 6 |  6.9
Spellcasting   | 4 5 6 7 8 9 |  9.8
Conjurations   | 5 6 7 8 9 |  9.2
Hexes          | 2 4 |  4.8
Evocations     | 1 3 4 |  4.7
Summonings     | 2 3 |  3.0
Necromancy     | 3 5 |  5.6
Fire Magic     | 2 3 |  3.7
Air Magic      | |  0.6

Action                     |  1- 3 |  4- 6 |  7- 9 | 10-12 || total
---------------------------+-------+-------+-------+-------++-------
  Melee: Dagger            |    11 |    43 |    76 |    44 ||   174
         Punch             |       |       |       |     1 ||     1
   Cast: Magic Dart        |    22 |    27 |    11 |    21 ||    81
         Searing Ray       |     7 |    17 |    32 |    15 ||    71
         Iskenderun's Myst |       |     2 |     2 |       ||     4
         Slow              |       |     1 |     6 |     3 ||    10
         Scorch            |       |       |     9 |    15 ||    24
         Confusing Touch   |       |       |     6 |     5 ||    11
         Summon Small Mamm |       |       |     2 |     2 ||     4
         Flame Wave        |       |       |     7 |    15 ||    22
         Vampiric Draining |       |       |     5 |     9 ||    14
         Shock             |       |       |       |    10 ||    10
         Dispel Undead     |       |       |       |     3 ||     3
  Evoke: Wand              |       |       |       |     9 ||     9
    Use: Scroll            |     7 |     4 |     4 |     3 ||    18
         Potion            |       |     3 |       |       ||     3
   Stab: Sleeping          |     4 |     6 |    14 |     1 ||    25
         Confused          |       |       |     3 |     2 ||     5
 Armour: Robe              |    13 |    53 |    77 |    53 ||   196
  Dodge: Dodged            |     8 |    55 |   117 |    56 ||   236
